 Dungeon Crawl Stone Soup version 0.18.1-6-gd335043 (webtiles) character file.

56 Gingerlord the Skirmisher (level 4, -16/37 HPs)
             Began as a Formicid Abyssal Knight on May 18, 2016.
             Was a Follower of Lugonu.
             Demolished by a kobold
             ... wielding a +1 whip of electrocution
              (19 damage)
             ... on level 2 of the Dungeon.
             The game lasted 00:02:57 (1809 turns).

Gingerlord the Skirmisher (Formicid Abyssal Knight) Turns: 1809, Time: 00:03:00

Health: -16/37     AC:  6    Str: 17    XL:     4   Next: 15%
Magic:  5/5        EV: 11    Int: 11    God:    Lugonu [*.....]
Gold:   88         SH:  0    Dex: 11    Spells: 0 memorised, 3 levels left

rFire  . . .     SeeInvis +     a - +1 falchion
rCold  . . .     Gourm    .     e - +0 ring mail
rNeg   . . .     Faith    .     (no shield)
rPois  .         Spirit   .     (helmet unavailable)
rElec  .         Dismiss  .     (no cloak)
rCorr  .         Reflect  .     (no gloves)
SustAt .         Harm     .     d - +0 pair of boots
MR     .....                    (no amulet)
Stlth  +.........               (no ring)
                                (no ring)

@: not resistant to hostile enchantments, very unstealthy
A: permanent stasis, dig shafts and tunnels, four strong arms, antennae 3
a: Dig, Shaft Self, Depart the Abyss, Renounce Religion


You were on level 2 of the Dungeon.
You worshipped Lugonu.
Lugonu was aware of your devotion.
You were not hungry.

You visited 1 branch of the dungeon, and saw 2 of its levels.
You visited the Abyss 1 time.

You collected 88 gold pieces.

Inventory:

Hand Weapons
 a - a +1 falchion (weapon)
Armour
 d - a +0 pair of boots (worn)
 e - a +0 ring mail (worn)
Jewellery
 j - a cursed ring of sustain attributes {unknown}
Scrolls
 b - a scroll of identify {unknown}
 g - a scroll of teleportation {unknown}
 k - a scroll of recharging {unknown}
 l - a scroll of remove curse {unknown}
Potions
 h - a potion of invisibility {unknown}
 i - a potion of heal wounds {unknown}
Comestibles
 c - 6 bread rations
 f - a slice of pizza
 m - a chunk of flesh
 n - a royal jelly


   Skills:
 + Level 4.1 Fighting
 + Level 2.5 Long Blades
 + Level 2.7 Armour
 + Level 1.3 Dodging
 + Level 0.6 Stealth
 + Level 2.3 Invocations


You had 3 spell levels left.
You didn't know any spells.

Dungeon Overview and Level Annotations

Branches:
Dungeon (2/15)

Altars:


Innate Abilities, Weirdness & Mutations

You are under a permanent stasis effect.
You can dig through walls and to a lower floor.
Your four strong arms can wield two-handed weapons with a shield.
You have a pair of large antennae on your head (SInv).


Message History

No target in view!
No target in view!
No target in view!
No target in view!
No target in view!
No target in view!
No target in view!
A kobold comes into view. It is wielding a whip of electrocution.
The kobold shouts!
A kobold is nearby!
A hobgoblin comes into view. It is wielding a club.
The hobgoblin shouts!
The kobold hits you but does no damage.
You are electrocuted!
You closely miss the kobold.
The kobold hits you with a whip of electrocution.
You are electrocuted!
* * * LOW HITPOINT WARNING * * *
The kobold hits you but does no damage.
You are electrocuted!
Ouch! That really hurt!
You die...

#########.# #.......#.#
####.#####.#.#
##.##....)....#
#.........#.#.#
##.##.###.#.#.#######.#
#.##...........Kg..ยง#
#.##.#####....@##
#.##.# ##...## #.##.#
##.## ##.##.. ...#
##...### ###.# #..#..#
#+# #.###.# #..#.[#
##...##


You could see a hobgoblin and a kobold.

Vanquished Creatures
  An adder (D:2)
  2 oozes (D:1)
  A worm (D:2)
  3 dart slugs (D:1)
  2 giant geckos (D:1)
  2 goblins (D:1)
  3 hobgoblins
  6 kobolds (D:1)
  A quokka (D:2)
  7 bats
  4 rats
32 creatures vanquished.

Notes
Turn   | Place    | Note
--------------------------------------------------------------
     0 | Abyss:1  | Gingerlord the Formicid Abyssal Knight began the quest for the Orb.
     0 | Abyss:1  | Reached XP level 1. HP: 18/18 MP: 2/2
    98 | D:1      | Escaped the Abyss
   400 | D:1      | Reached XP level 2. HP: 20/24 MP: 3/3
   819 | D:1      | Reached XP level 3. HP: 21/30 MP: 4/4
   822 | D:1      | Reached * piety under Lugonu
  1081 | D:1      | Reached skill level 4 in Fighting
  1209 | D:1      | Reached skill level 1 in Dodging
  1503 | D:2      | Found a faded altar to an unknown god.
  1765 | D:2      | Reached XP level 4. HP: 32/37 MP: 5/5
  1809 | D:2      | Demolished by a kobold

Skill      XL: |  1  2  3 |
---------------+----------+-----
Fighting       | 4 |  4.1
Dodging        | 1 |  1.3
Long Blades    | |  2.5
Armour         | |  2.7
Stealth        | |  0.6
Invocations    | |  2.3

Action                   |  1- 3 |  4- 6 || total
-------------------------+-------+-------++-------
Melee: Falchion          |   110 |     5 ||   115
Invok: Depart the Abyss  |     1 |       ||     1
  Eat: Chunk             |     3 |       ||     3
Armor: Leather armour    |     8 |       ||     8
       Ring mail         |    43 |     3 ||    46
Dodge: Dodged            |    72 |     2 ||    74
